 Dungeon Crawl Stone Soup version 0.24.0-13-gcf9b319 (webtiles) character file.

Game seed: 7047893109954479691, levelgen mode: deterministic

43 Dharzhak the Covered (level 3, 33/33 HPs)
             Began as a Minotaur Fighter on Dec 28, 2019.
             Quit the game on level 2 of the Dungeon.
             The game lasted 00:04:59 (933 turns).

Dharzhak the Covered (Minotaur Fighter)              Turns: 933, Time: 00:04:59

Health: 33/33      AC:  7    Str: 21    XL:     3   Next: 37%
Magic:  2/2        EV:  7    Int:  5    God:
Gold:   89         SH:  9    Dex:  9    Spells: 2/2 levels left

rFire    . . .     SeeInvis .   a - +0 war axe
rCold    . . .     Gourm    .   c - +0 shield
rNeg     . . .     Faith    .   b - +0 scale mail
rPois    .         Spirit   .   (helmet restricted)
rElec    .         Reflect  .   (no cloak)
rCorr    .         Harm     .   (no gloves)
MR       .....                  (no boots)
Stlth    ..........             (no amulet)
HPRegen  0.11/turn              m - ring of attention (curse)
MPRegen  0.08/turn              (no ring)

@: very slightly contaminated
A: retaliatory headbutt, horns 2
a: no special abilities


You were on level 2 of the Dungeon.
You were not hungry.

You visited 1 branch of the dungeon, and saw 2 of its levels.

You collected 89 gold pieces.

Inventory:

Hand Weapons
 a - a +0 war axe (weapon)
Armour
 b - a +0 scale mail (worn)
 c - a +0 shield (worn)
Jewellery
 m - a cursed ring of attention (left hand)
Scrolls
 l - a scroll of amnesia
Potions
 d - a potion of might
 e - 3 potions of curing {unknown}
 h - a potion of brilliance {unknown}
 i - a potion of resistance {unknown}
Comestibles
 f - 4 rations
 g - 6 chunks of flesh


   Skills:
 + Level 4.0 Fighting
 + Level 3.2 Axes
 + Level 4.3 Armour
 + Level 4.0 Shields


You had 2 spell levels left.
You didn't know any spells.
Your spell library was empty.

Dungeon Overview and Level Annotations

Branches:
Dungeon (2/15)

Altars:
Wu Jian


Innate Abilities, Weirdness & Mutations

You reflexively headbutt those who attack you in melee.
You have a pair of horns on your head.


Message History

n - a scroll labeled URISHU WUMENK Oops, that ring feels deathly cold.
m - a cursed ring of attention (left hand)
As you read the scroll labeled INEOCO RICK, it crumbles to dust.
It is a scroll of amnesia.
You feel forgetful for a moment.
As you read the scroll labeled ASMIXO SACO, it crumbles to dust.
You assume a fearsome visage.
Nothing appears to happen.
It was a scroll of fear.
Blink to where?
Press: ? - help, Dir - move target cursor You are very lightly contaminated with residual magic.
As you read the scroll labeled EQODWA KICW, it crumbles to dust.
It was a scroll of blinking.
As you read the scroll labeled URISHU WUMENK, it crumbles to dust.
You hear a very strange noise.
It was a scroll of random uselessness.
A bat comes into view.
A bat comes into view.
Are you sure you want to abandon this character and quit the game? (Confirm with "yes".)

# . #### . #. ..... #
##.b ...... .. .
....### #.%......#..
# .......
#........#...###
#......##........
...#..
#...?.b.........
...... #......@..#
... ##.. #####.....#
#.# #..
#......###.########..
#.......)............
#..####.####..#######
#..##.....##..#
#..#.).....#..#
#..#.......#..#
##....._......#


You could see 2 bats.

Vanquished Creatures
  2 oozes
  A worm (D:2)
  2 dart slugs (D:1)
  3 leopard geckos
  A goblin (D:1)
  4 hobgoblins
  3 kobolds
  A ball python (D:2)
  5 bats (D:1)
  A frilled lizard (D:2)
  4 rats
27 creatures vanquished.

Notes
Turn   | Place    | Note
-------+----------+-------------------------------------------
     0 | D:1      | Dharzhak the Minotaur Fighter began the quest for the Orb.
     0 | D:1      | Reached XP level 1. HP: 19/19 MP: 0/0
   138 | D:1      | Reached XP level 2. HP: 25/27 MP: 1/1
   803 | D:2      | Reached XP level 3. HP: 31/33 MP: 2/2
   909 | D:2      | Found an ornate altar of the Wu Jian Council.
   933 | D:2      | Quit the game

Levels and vault maps discovered:
D:1:      minmay_arrival_split_and_join, layout_basic
D:2:      layout_basic, old_standard_altar, corexii_leaking_fountain,
          minmay_pentomino_p4

Skill      XL: |  1  2 |
---------------+-------+-----
Axes           | 3 |  3.2
Fighting       | 4 |  4.0
Shields        | 4 |  4.0
Armour         | 4 |  4.3

Action                   || total
-------------------------++-------
Melee: War axe           ||    47
       Headbutt          ||     5
  Use: Scroll            ||     4
Armor: Scale mail        ||    22
Dodge: Dodged            ||    18
Block: Shield            ||    22
